[Event "Early Titled Tuesday Blitz | February 8 2022"]
[White "Golubka, Petro"]
[Black "Srebrnic, Marko"]
[WhiteFideId "14114224"]
[BlackFideId "14603616"]
[WhiteElo "2392"]
[BlackElo "2340"]
[Result "1-0"]
[Round "04"]
[TimeControl "180+1"]
[Date "2022.02.08"]
[WhiteClock "0:00:33"]
[BlackClock "0:00:04"]

1. d4 Nf6 2. Bg5 e6 3. Nd2 h6 4. Bh4 g5 5. Bg3 Bg7 6. e3 d6 7. c3 b6 8. Qf3 d5 9. h4 g4 10. Qd1 h5 11. Bd3 c5 12. Ne2 a5 13. a4 Ba6 14. Nf4 Bxd3 15. Nxd3 c4 16. Ne5 Nbd7 17. Qc2 Nxe5 18. Bxe5 O-O 19. f3 Nd7 20. Bxg7 Kxg7 21. e4 f5 22. O-O-O b5 23. exd5 exd5 24. axb5 a4 25. Nb1 Qf6 26. Qd2 f4 27. fxg4 hxg4 28. Rdf1 Rae8 29. h5 Re4 30. h6+ Kh8 31. Qd1 Qg6 32. Nd2 Re3 33. Qxa4 Nb6 34. Qa7 Rf7 35. Qb8+ Kh7 36. Rxf4 Rfe7 37. Rd1 Na4 38. Rf8 Kxh6 39. Rh8+ Kg5 40. Rg8 Rg7 41. Nf3+ gxf3 42. Rxg7 Qxg7 43. Qg3+ Kf6 44. Qf4+ Kg6 45. Qxe3 fxg2 46. Qg3+ Kh7 47. Qxg7+ Kxg7 48. Rg1 Kf6 49. Rxg2 Ke6 50. b6 Kd6 51. Rg6+ Kd7 52. Kc2 1-0


[Site "https://www.chess.com"]

[Event "Early Titled Tuesday Blitz | February 8 2022"]
[White "Gontcharov, Vladislav"]
[Black "Zubov, Alexander"]
[WhiteFideId "4123492"]
[BlackFideId "14109409"]
[WhiteElo "2503"]
[BlackElo "2685"]
[Result "0-1"]
[Round "04"]
[TimeControl "180+1"]
[Date "2022.02.08"]
[WhiteClock "0:00:04"]
[BlackClock "0:01:06"]

1. e4 c5 2. Nf3 e6 3. d4 cxd4 4. Nxd4 a6 5. Bd3 Bc5 6. Nb3 Be7 7. Qg4 g6 8. O-O d6 9. c4 Nc6 10. Nc3 Nf6 11. Qe2 O-O 12. Bh6 Re8 13. Rad1 b6 14. f4 Qc7 15. Rc1 Qb8 16. h3 Bb7 17. Qf2 Nd7 18. Kh2 Bf6 19. Kh1 Qd8 20. Rcd1 Qe7 21. Be2 Nc5 22. Bf3 Rad8 23. g3 Nb4 24. Qe2 Qc7 25. h4 Rc8 26. h5 Nd7 27. hxg6 hxg6 28. Nd2 Nc2 29. Kg2 Nd4 30. Qe3 Nxf3 31. Qxf3 b5 32. cxb5 Bxc3 33. bxc3 axb5 34. Rh1 Qxc3 35. Qg4 Nf6 36. Qh4 Nxe4 0-1


[Site "https://www.chess.com"]

[Event "Early Titled Tuesday Blitz | February 8 2022"]
[White "Grischuk, Alexander"]
[Black "Rustemov, Alexander"]
[WhiteFideId "4126025"]
[BlackFideId "4119002"]
[WhiteElo "2762"]
[BlackElo "2829"]
[Result "1-0"]
[Round "04"]
[TimeControl "180+1"]
[Date "2022.02.08"]
[WhiteClock "0:01:19"]
[BlackClock "0:00:02"]

1. e4 e6 2. d4 d5 3. e5 c5 4. c3 Qb6 5. Nf3 Bd7 6. Bd3 cxd4 7. Nxd4 Ne7 8. Nd2 Nbc6 9. N2f3 Nxd4 10. Nxd4 Nc6 11. Nf3 Be7 12. O-O Qc7 13. Qe2 h6 14. Re1 g5 15. Bd2 O-O-O 16. a4 Kb8 17. b4 Rc8 18. a5 g4 19. Nd4 Nxd4 20. cxd4 h5 21. b5 Qd8 22. b6 Rc6 23. Reb1 axb6 24. Bb5 Rc8 25. axb6 Bc6 26. Bg5 Bxg5 27. Ra8+ Kxa8 28. Qa2+ Kb8 29. Qa7# 1-0


[Site "https://www.chess.com"]

[Event "Early Titled Tuesday Blitz | February 8 2022"]
[White "Guliev, Logman"]
[Black "Delorme, Alban"]
[WhiteFideId "13400061"]
[BlackFideId "623636"]
[WhiteElo "2128"]
[BlackElo "2197"]
[Result "1-0"]
[Round "04"]
[TimeControl "180+1"]
[Date "2022.02.08"]
[WhiteClock "0:00:52"]
[BlackClock "0:00:05"]

1. e4 c5 2. Nf3 d6 3. d4 cxd4 4. Nxd4 Nf6 5. Nc3 a6 6. Be2 e5 7. Nb3 Be6 8. Bg5 Be7 9. Bxf6 Bxf6 10. Qd3 Nc6 11. O-O-O Be7 12. Kb1 O-O 13. Nd5 Bxd5 14. Qxd5 a5 15. c3 a4 16. Nd2 Qb6 17. Nc4 Qxf2 18. Bh5 g6 19. Bf3 Qc5 20. Qxc5 dxc5 21. Rd7 Rab8 22. Nxe5 Nxe5 23. Rxe7 Rfe8 24. Rxe8+ Rxe8 25. Rd1 Kf8 26. Rd5 b6 27. Be2 c4 28. Rb5 Nd3 29. Bf3 Re6 30. Rd5 Ke7 31. b3 axb3 32. axb3 Nc5 33. bxc4 Nxe4 34. Kc2 Nc5 35. Rd2 Rd6 36. Bd5 f5 37. Re2+ Kf6 38. Re8 b5 39. Rc8 bxc4 40. Rxc5 Ke5 41. Bxc4+ Ke4 42. Be2 Ke3 43. Bf3 Rf6 44. Re5+ Kf2 45. Re2+ Kf1 46. h4 h6 47. c4 g5 48. hxg5 hxg5 49. c5 g4 50. Kd3 gxf3 51. gxf3 Rc6 52. Rc2 Kg1 53. Kd4 Rc8 54. c6 Rd8+ 55. Ke5 Rc8 56. c7 Kf1 57. Kxf5 Ke1 58. Ke5 Kd1 59. Rc5 Ke2 60. f4 Kf3 61. f5 Kg4 62. Kd6 Kg5 63. Kd7 Rf8 64. c8=Q Rxc8 65. Kxc8 1-0


[Site "https://www.chess.com"]

[Event "Early Titled Tuesday Blitz | February 8 2022"]
[White "Guliyev, Namig"]
[Black "Timofeev, Artyom"]
[WhiteFideId "13400363"]
[BlackFideId "4140419"]
[WhiteElo "2487"]
[BlackElo "2583"]
[Result "1/2-1/2"]
[Round "04"]
[TimeControl "180+1"]
[Date "2022.02.08"]
[WhiteClock "0:00:27"]
[BlackClock "0:00:27"]

1. e4 c5 2. Nf3 Nc6 3. d4 cxd4 4. Nxd4 e5 5. Nb5 a6 6. Nd6+ Bxd6 7. Qxd6 Qe7 8. Qxe7+ Ngxe7 9. Nc3 d5 10. Nxd5 Nxd5 11. exd5 Nb4 12. Bd3 Nxd3+ 13. cxd3 Bf5 14. f4 Rd8 15. fxe5 Rxd5 16. O-O Bxd3 17. Re1 Kd7 18. Bd2 Ke6 19. Bc3 h5 20. Rad1 h4 21. Re3 Bc4 22. Rxd5 Bxd5 23. a4 Rc8 24. a5 Rc4 25. g3 h3 26. Kf2 Ra4 27. Re1 g5 28. Ke3 g4 29. Rf1 Bf3 30. Rf2 Re4+ 31. Kd3 Kd5 32. Rd2 Kc5 33. Rc2 Kb5 34. Rf2 Ra4 35. Ke3 Re4+ 36. Kd3 Rc4 37. Ke3 Ra4 38. Rd2 Ra1 39. Kf4 Rf1 40. Kg5 Kc4 41. Kf6 Bg2+ 42. Kg5 Rh1 43. Kxg4 Rxh2 44. Kh4 Rh1 45. g4 Rf1 46. Kg3 Kb3 47. Rf2 Rg1 48. Kh2 Rh1+ 49. Kg3 Bd5 50. Rh2 Rxh2 51. Kxh2 Bg2 52. g5 Kc4 53. e6 fxe6 54. g6 Be4 55. g7 Bh7 56. Kxh3 Kd5 57. Kh4 e5 58. Kg5 Ke6 59. Kh6 Bg8 60. Kg6 e4 61. Bd2 Ke5 62. Be3 Ke6 63. Bf4 Ke7 64. Bg5+ Ke6 65. Bf4 Ke7 66. Kf5 Kf7 67. Kxe4 Kxg7 68. Kd4 Bh7 69. Kc5 Kf7 70. b4 Be4 71. Kd6 Kg6 72. Be3 Kf5 73. Bc5 Kg4 74. Kc7 Kf3 75. Kb6 Ke2 76. Kc7 Kd3 77. Kb6 Kc4 78. Kc7 Kb5 79. Kd6 Bc6 80. Kc7 Bg2 81. Kd6 Bc6 82. Kc7 Bg2 83. Kd6 Bc6 1/2-1/2


[Site "https://www.chess.com"]

[Event "Early Titled Tuesday Blitz | February 8 2022"]
[White "Gurevich, Dmitry"]
[Black "Miszler, Levente"]
[WhiteFideId "2000407"]
[BlackFideId "763276"]
[WhiteElo "2506"]
[BlackElo "1966"]
[Result "1-0"]
[Round "04"]
[TimeControl "180+1"]
[Date "2022.02.08"]
[WhiteClock "0:00:06"]
[BlackClock "0:00:09"]

1. Nf3 Nf6 2. c4 g6 3. Nc3 Bg7 4. e4 d6 5. d4 O-O 6. Be2 Nbd7 7. O-O e5 8. Be3 h6 9. dxe5 dxe5 10. Nd2 c6 11. c5 Qe7 12. b4 Rd8 13. Qc2 a5 14. a3 Nf8 15. Nc4 Ne6 16. Nxe5 Nd4 17. Bxd4 Rxd4 18. Nf3 Rd8 19. Rad1 Bg4 20. Rxd8+ Rxd8 21. h3 Bxf3 22. Bxf3 Qe5 23. Rc1 axb4 24. axb4 Rd4 25. Qb1 Rc4 26. Ne2 Rxc1+ 27. Nxc1 Qd4 28. Ne2 Qc4 29. Nf4 Nd7 30. Be2 Qc3 31. g3 Ne5 32. Kg2 g5 33. Nh5 Qd2 34. Qd1 Qxb4 35. Qd8+ Kh7 36. Bf3 Nxf3 37. Kxf3 Qxc5 38. Qd7 Qc4 39. Qxb7 Qd3+ 40. Kg2 Qxe4+ 41. Kh2 Qf3 42. Nxg7 Qxf2+ 43. Kh1 Qf3+ 44. Kh2 Kxg7 45. Qb2+ Qf6 46. Qc2 Qf2+ 47. Qxf2 Kg6 48. Qc5 f6 49. Qxc6 h5 50. g4 h4 1-0


[Site "https://www.chess.com"]

[Event "Early Titled Tuesday Blitz | February 8 2022"]
[White "Guseva, Marina"]
[Black "Samaganova, Aleksandra"]
[WhiteFideId "4149351"]
[BlackFideId "13800221"]
[WhiteElo "2232"]
[BlackElo "1859"]
[Result "1-0"]
[Round "04"]
[TimeControl "180+1"]
[Date "2022.02.08"]
[WhiteClock "0:00:11"]
[BlackClock "0:00:03"]

1. d4 Nf6 2. Nf3 e6 3. Bf4 b6 4. e3 Bb7 5. Nbd2 Be7 6. h3 O-O 7. Bd3 c5 8. c3 d5 9. Qe2 Nc6 10. Rd1 Bd6 11. Ne5 Qc7 12. Nxc6 Bxc6 13. Bxd6 Qxd6 14. O-O e5 15. dxe5 Qxe5 16. Nf3 Qe7 17. Bb5 Bb7 18. Ba6 Bc6 19. Rfe1 Rad8 20. c4 h6 21. a3 Rd6 22. cxd5 Nxd5 23. Qc2 Rfd8 24. Be2 Qf6 25. Rd2 Nc7 26. Red1 Qe7 27. Qc1 R8d7 28. b4 Ba4 29. Rxd6 Rxd6 30. Rxd6 Qxd6 31. Qc3 Nd5 32. Qd2 cxb4 33. axb4 1-0


[Site "https://www.chess.com"]

[Event "Early Titled Tuesday Blitz | February 8 2022"]
[White "Hansen, Eric"]
[Black "Idrisov, Ildar F"]
[WhiteFideId "2606771"]
[BlackFideId "4151020"]
[WhiteElo "2568"]
[BlackElo "2209"]
[Result "1-0"]
[Round "04"]
[TimeControl "180+1"]
[Date "2022.02.08"]
[WhiteClock "0:02:04"]
[BlackClock "0:01:52"]

1. e4 c6 2. Nc3 d5 3. Nf3 dxe4 4. Nxe4 Nd7 5. d4 Ngf6 6. Nxf6+ Nxf6 7. Bc4 Bg4 8. Bxf7+ Kxf7 9. Ne5+ Ke8 10. Nxg4 Qd5 11. Ne3 Qa5+ 12. c3 Rd8 13. O-O c5 14. d5 c4 15. Nxc4 Qxd5 16. Qb3 b5 17. Ne3 Qxb3 18. axb3 Rd7 19. Ra5 Rb7 20. Nc2 e6 21. Be3 Nd5 22. Rxa7 Nxe3 23. Rxb7 Nxf1 24. Kxf1 h5 25. Rxb5 Rh6 26. Nd4 Kd7 27. Rb7+ Kd6 28. Rf7 Rh8 29. b4 Kd5 30. Rd7+ Kc4 31. Nxe6 Kb3 32. Rd8 1-0


[Site "https://www.chess.com"]

[Event "Early Titled Tuesday Blitz | February 8 2022"]
[White "Harshavardhan G B"]
[Black "Sviridov, Valery"]
[WhiteFideId "25059009"]
[BlackFideId "4120680"]
[WhiteElo "1831"]
[BlackElo "2454"]
[Result "0-1"]
[Round "04"]
[TimeControl "180+1"]
[Date "2022.02.08"]
[WhiteClock "0:00:34"]
[BlackClock "0:00:23"]

1. e4 Nf6 2. e5 Nd5 3. d4 d6 4. Nf3 dxe5 5. Nxe5 c6 6. Bd3 Nd7 7. O-O Nxe5 8. dxe5 g6 9. Qe2 Bg7 10. f4 O-O 11. Kh1 f6 12. exf6 Rxf6 13. Na3 Qc7 14. g3 e5 15. Qxe5 Qxe5 16. fxe5 Rxf1+ 17. Bxf1 Bxe5 18. c3 Bf5 19. Bd2 Re8 20. Re1 Kf7 21. Bg2 Nb6 22. Nb1 Nc4 23. Bg5 Nxb2 24. Rf1 Kg8 25. Re1 Nd3 26. Rf1 Bg7 27. Bf3 h6 28. Bd2 Bh3 29. Bg2 Bxg2+ 30. Kxg2 Re2+ 31. Kf3 Rxh2 32. Ke3 Ne5 33. Na3 h5 34. c4 Bh6+ 35. Ke4 Rxd2 36. Kxe5 Rxa2 37. Rf3 Bg7+ 38. Ke6 Rb2 39. Kd7 Bf8 40. Kc7 Bxa3 41. Rxa3 a6 42. Rf3 Kg7 43. Kd6 a5 44. c5 a4 45. Ra3 Rb4 46. Ke5 Kh6 47. Kf6 Rc4 48. Ke6 Rxc5 49. Rxa4 Rc3 50. g4 h4 51. Kf6 Rf3+ 52. Ke5 Kg5 53. Ke4 Rf4+ 0-1


[Site "https://www.chess.com"]

[Event "Early Titled Tuesday Blitz | February 8 2022"]
[White "Heinemann, Josefine"]
[Black "Gunina, Valentina"]
[WhiteFideId "12900460"]
[BlackFideId "4167570"]
[WhiteElo "2300"]
[BlackElo "2465"]
[Result "0-1"]
[Round "04"]
[TimeControl "180+1"]
[Date "2022.02.08"]
[WhiteClock "0:00:16"]
[BlackClock "0:01:58"]

1. d4 d5 2. c4 c6 3. cxd5 cxd5 4. Nc3 Nf6 5. Nf3 Nc6 6. Bf4 a6 7. e3 Bg4 8. Be2 e6 9. O-O Bd6 10. Ne5 Bxe2 11. Nxe2 Bxe5 12. Bxe5 Nxe5 13. dxe5 Nd7 14. f4 Rc8 15. Nd4 O-O 16. Qh5 Nc5 17. Rf3 Ne4 18. Rh3 h6 19. Rf1 Qb6 20. b3 Rc3 21. Qf3 Rfc8 22. f5 Nd2 23. Qg4 Rc1 24. Rxc1 Rxc1+ 25. Kf2 exf5 26. Nxf5 Rf1+ 27. Kg3 Ne4+ 28. Kh4 g5+ 29. Kh5 Qg6# 0-1


[Site "https://www.chess.com"]

[Event "Early Titled Tuesday Blitz | February 8 2022"]
[White "Hoffmann, Asa"]
[Black "Zarnicki, Pablo"]
[WhiteFideId "2001470"]
[BlackFideId "100137"]
[WhiteElo "2117"]
[BlackElo "2467"]
[Result "1-0"]
[Round "04"]
[TimeControl "180+1"]
[Date "2022.02.08"]
[WhiteClock "0:01:08"]
[BlackClock "0:00:26"]

1. d4 Nf6 2. Bg5 c5 3. d5 e6 4. Nc3 h6 5. Bh4 d6 6. e4 Be7 7. Bb5+ Bd7 8. dxe6 fxe6 9. Bxf6 Bxf6 10. Qh5+ Kf8 11. Bxd7 Nxd7 12. Nge2 Qe8 13. Qh3 a6 14. Rd1 Qe7 15. O-O g5 16. f4 Kg7 17. Ng3 Bd4+ 18. Kh1 Nf6 19. e5 dxe5 20. fxe5 Bxe5 21. Rde1 Bxg3 22. Rxe6 Qd7 23. Rfxf6 Bh4 24. Rg6+ Kh7 25. Rxh6+ Kg8 26. Reg6+ Qg7 27. Qe6+ Kf8 28. Rxg7 Kxg7 29. Qf6+ Kg8 30. Rg6+ Kh7 31. Qg7# 1-0


[Site "https://www.chess.com"]

[Event "Early Titled Tuesday Blitz | February 8 2022"]
[White "Howell, David W L"]
[Black "Rakhmanov, Aleksandr"]
[WhiteFideId "410608"]
[BlackFideId "4173708"]
[WhiteElo "2559"]
[BlackElo "2500"]
[Result "1/2-1/2"]
[Round "04"]
[TimeControl "180+1"]
[Date "2022.02.08"]
[WhiteClock "0:01:24"]
[BlackClock "0:00:51"]

1. e4 c5 2. Be2 Nf6 3. d3 d5 4. e5 Nfd7 5. f4 e6 6. Nf3 Nc6 7. O-O Be7 8. c3 O-O 9. Na3 f6 10. d4 cxd4 11. cxd4 fxe5 12. dxe5 Nc5 13. Be3 Bd7 14. Rc1 Ne4 15. Nb5 a6 16. Nbd4 Rc8 17. a3 Qe8 18. Bd3 Qh5 19. Qe2 Nxd4 20. Nxd4 Qxe2 21. Bxe2 Bc5 22. g3 g6 23. Kg2 Kf7 24. Rfe1 Bxd4 25. Bxd4 Bb5 26. Bf3 Nd2 27. Rc3 Nxf3 28. Kxf3 Rxc3+ 29. Bxc3 Rc8 30. Rd1 Rc4 31. Rd4 Rxd4 32. Bxd4 1/2-1/2


[Site "https://www.chess.com"]

[Event "Early Titled Tuesday Blitz | February 8 2022"]
[White "Iljin, Timofey"]
[Black "Hartikainen, Jarmo"]
[WhiteFideId "14110180"]
[BlackFideId "503134"]
[WhiteElo "2396"]
[BlackElo "2104"]
[Result "1/2-1/2"]
[Round "04"]
[TimeControl "180+1"]
[Date "2022.02.08"]
[WhiteClock "0:01:02"]
[BlackClock "0:00:05"]

1. e4 c5 2. c3 d5 3. exd5 Qxd5 4. d4 cxd4 5. cxd4 Nc6 6. Nf3 Bg4 7. Nc3 Bxf3 8. Nxd5 Bxd1 9. Nc7+ Kd7 10. Nxa8 Bh5 11. Bf4 e5 12. dxe5 Bb4+ 13. Bd2 Bxd2+ 14. Kxd2 Nge7 15. h3 Rxa8 16. f4 f6 17. exf6 gxf6 18. Bc4 Rd8 19. g4 Kc7+ 20. Ke3 Bg6 21. f5 Be8 22. Rad1 Rxd1 23. Rxd1 Ne5 24. Be6 Bc6 25. Kf4 h6 26. h4 Bf3 27. Rc1+ Kd6 28. g5 hxg5+ 29. hxg5 Nd3+ 30. Kxf3 Nxc1 31. gxf6 Nxf5 32. Bxf5 Nxa2 33. Kg4 Nb4 34. Be4 Ke6 35. Kg5 Kf7 36. Bxb7 Nd3 37. Bd5+ Kf8 38. Kf5 a5 39. b3 Nc5 40. Ke5 Nd7+ 41. Ke6 Nc5+ 42. Kd6 Nd3 43. Bc4 Nb2 44. Kc5 a4 45. b4 a3 46. Ba2 Na4+ 47. Kc6 Nc3 48. Bb3 a2 49. Bxa2 Nxa2 50. b5 Nb4+ 51. Kd6 Kf7 52. b6 Na6 53. Kc6 Kxf6 54. b7 Nb8+ 55. Kb6 Ke7 56. Kc7 Nd7 57. Kc8 Ke8 58. Kc7 Ke7 59. Kc6 Kd8 60. Kd6 Nb8 61. Kd5 Kc7 62. Ke6 Kxb7 1/2-1/2


[Site "https://www.chess.com"]

[Event "Early Titled Tuesday Blitz | February 8 2022"]
[White "Iljushina, Olga"]
[Black "Marcziter, Dmitrii"]
[WhiteFideId "4152280"]
[BlackFideId "13900765"]
[WhiteElo "1937"]
[BlackElo "2155"]
[Result "0-1"]
[Round "04"]
[TimeControl "180+1"]
[Date "2022.02.08"]
[WhiteClock "0:00:01"]
[BlackClock "0:01:00"]

1. d4 d5 2. c4 e6 3. Nc3 c5 4. cxd5 exd5 5. Nf3 Nc6 6. g3 Nf6 7. Bg2 Be7 8. O-O O-O 9. a3 Ne4 10. Be3 Nxc3 11. bxc3 c4 12. Qd2 Bf5 13. Bg5 f6 14. Bf4 b5 15. Nh4 Be6 16. Nf3 Na5 17. Qc2 Nb3 18. Ra2 Qd7 19. e4 dxe4 20. Qxe4 Bd5 21. Ne5 Bxe4 22. Nxd7 Bxg2 23. Kxg2 Rfd8 24. Nc5 Nxc5 25. dxc5 Bxc5 26. a4 b4 27. cxb4 Bxb4 28. Rb2 a5 29. Rc2 Rac8 30. Rfc1 c3 31. h4 h5 32. Be3 Rc4 33. Bb6 Rd6 34. Be3 Rd3 35. Bb6 Rd2 36. Kf3 Kf7 37. Ke3 Rd6 38. Ba7 Ke6 39. f3 Rd5 40. Ke2 g5 41. hxg5 fxg5 42. Kf2 h4 43. gxh4 Rxh4 44. Kg3 Bd6+ 45. Kf2 Be5 46. Rxc3 Bxc3 47. Rxc3 Rxa4 48. Kg3 Kf5 49. Rc8 Ra3 50. Rf8+ Kg6 51. Rg8+ Kf6 52. Rf8+ Kg7 53. Re8 Rf5 54. Be3 Kf7 55. Re4 a4 56. Kg4 Kg6 57. Re6+ Rf6 0-1


[Site "https://www.chess.com"]

[Event "Early Titled Tuesday Blitz | February 8 2022"]
[White "Izoria, Zviad"]
[Black "Niemann, Hans Moke"]
[WhiteFideId "13601733"]
[BlackFideId "2093596"]
[WhiteElo "2626"]
[BlackElo "2636"]
[Result "0-1"]
[Round "04"]
[TimeControl "180+1"]
[Date "2022.02.08"]
[WhiteClock "0:00:38"]
[BlackClock "0:01:14"]

1. Nf3 Nf6 2. c4 b6 3. Nc3 Bb7 4. d4 e6 5. e3 Bb4 6. Bd3 Ne4 7. O-O f5 8. Ne2 O-O 9. b3 Bd6 10. Bb2 Nc6 11. a3 a5 12. Nd2 Ne7 13. f3 Nxd2 14. Qxd2 Ng6 15. b4 Qh4 16. g3 Qh5 17. c5 Be7 18. Kg2 axb4 19. axb4 Rxa1 20. Bxa1 Qg4 0-1


[Site "https://www.chess.com"]

[Event "Early Titled Tuesday Blitz | February 8 2022"]
[White "Jain, Naveen"]
[Black "Ardila, Oscar Humberto"]
[WhiteFideId "5003970"]
[BlackFideId "4404742"]
[WhiteElo "2036"]
[BlackElo "1898"]
[Result "1-0"]
[Round "04"]
[TimeControl "180+1"]
[Date "2022.02.08"]
[WhiteClock "0:00:38"]
[BlackClock "0:00:15"]

1. c4 Nf6 2. g3 e6 3. Bg2 c5 4. Nf3 Nc6 5. O-O Be7 6. b3 d6 7. Bb2 O-O 8. e3 a6 9. d4 cxd4 10. exd4 Qc7 11. Qe2 b6 12. d5 Nd8 13. dxe6 fxe6 14. Nbd2 Rb8 15. Rad1 Bb7 16. Ng5 Bxg2 17. Kxg2 e5 18. Nde4 Qc6 19. Kg1 Nxe4 20. Nxe4 Ne6 21. Qd3 Nc5 22. Nxc5 bxc5 23. Qe2 Rf7 24. Qg4 Rbf8 25. Qe6 Qf3 26. Rde1 h5 27. Re3 Qg4 28. Qxg4 hxg4 29. Re4 Rf3 30. Rxg4 Rd3 31. Bc1 Kf7 32. Be3 Bf6 33. h4 Rc3 34. Rd1 Ke6 35. Kg2 Rc2 36. Rd2 Rxd2 37. Bxd2 Ra8 38. h5 a5 39. Rg6 Kf5 40. g4+ Ke4 41. g5 Be7 42. Rxg7 Bf8 43. Rg8 Kf5 44. h6 e4 45. h7 1-0


[Site "https://www.chess.com"]

[Event "Early Titled Tuesday Blitz | February 8 2022"]
[White "Jaivardhan Raj"]
[Black "Kiseleva, Arina"]
[WhiteFideId "25744437"]
[BlackFideId "4164989"]
[WhiteElo "1375"]
[BlackElo "1866"]
[Result "1/2-1/2"]
[Round "04"]
[TimeControl "180+1"]
[Date "2022.02.08"]
[WhiteClock "0:00:07"]
[BlackClock "0:00:10"]

1. e4 c6 2. d4 d5 3. Nd2 dxe4 4. Nxe4 Nf6 5. Nxf6+ exf6 6. c3 Bd6 7. Bd3 Na6 8. Ne2 Nc7 9. Qc2 Bg4 10. a3 Qd7 11. h3 Bh5 12. c4 Bg6 13. Bxg6 hxg6 14. Be3 O-O 15. O-O f5 16. Rad1 Rad8 17. b4 Ne6 18. d5 cxd5 19. Rxd5 Qe7 20. Rfd1 Bb8 21. g3 f4 22. Rxd8 Rxd8 23. Rxd8+ Qxd8 24. Nxf4 Nxf4 25. Bxf4 Bxf4 26. gxf4 Qd4 27. Qc1 Qd3 28. Kg2 Qe4+ 29. Kh2 Qe2 30. Kg1 Qe4 31. c5 Qf3 32. Qe3 Qd1+ 33. Kg2 Qd5+ 34. Qf3 Qd7 35. Qe3 a6 36. Qb3 Qc6+ 37. f3 Qd7 38. a4 Qd2+ 39. Kg3 Qe1+ 40. Kg2 Qe2+ 41. Kg1 Qe1+ 42. Kg2 Qe2+ 43. Kg1 Qe1+ 44. Kg2 1/2-1/2


[Site "https://www.chess.com"]

[Event "Early Titled Tuesday Blitz | February 8 2022"]
[White "Jakubowska, Anna"]
[Black "Al Hosani, Omran"]
[WhiteFideId "1121952"]
[BlackFideId "9308733"]
[WhiteElo "1924"]
[BlackElo "2246"]
[Result "1/2-1/2"]
[Round "04"]
[TimeControl "180+1"]
[Date "2022.02.08"]
[WhiteClock "0:00:17"]
[BlackClock "0:00:12"]

1. e4 e5 2. Nf3 Nc6 3. Bb5 a6 4. Ba4 Nf6 5. O-O Be7 6. d3 b5 7. Bb3 d6 8. a4 Bg4 9. axb5 axb5 10. Rxa8 Qxa8 11. Na3 Nd4 12. c3 Nxf3+ 13. gxf3 Bd7 14. f4 O-O 15. fxe5 dxe5 16. f4 Bc5+ 17. Kg2 Qc8 18. f5 Bc6 19. Bg5 Nxe4 20. dxe4 Bxe4+ 21. Kg3 Bxf5 22. Nxb5 h6 23. Bc1 Qa6 24. Rxf5 Qxb5 25. Rxf7 Rxf7 26. Qd5 Bf2+ 27. Kg2 Qxd5+ 28. Bxd5 Bc5 29. b4 Bd6 30. Bd2 Kf8 31. Bxf7 Kxf7 32. c4 Ke6 33. Kf3 Kf5 34. c5 e4+ 35. Kg2 Be5 36. b5 Bd4 37. Bb4 e3 38. c6 Ke4 39. Bd6 e2 40. Bg3 Kd3 41. Be1 Bc3 42. Kf2 Bd4+ 43. Kf3 Bb6 44. Bg3 g6 45. Be1 Kc4 46. Kxe2 Kxb5 47. Bd2 h5 48. Kf3 Kxc6 49. Kf4 Bg1 50. h3 Kd5 51. Kg5 c5 52. Kxg6 h4 53. Kg5 Bf2 54. Kg4 Kd4 55. Kf3 Kd3 56. Ba5 Bg3 57. Kg2 c4 58. Kh1 c3 59. Bxc3 Kxc3 60. Kg1 Kd3 61. Kh1 Ke4 62. Kg1 Kf3 63. Kh1 Bf2 64. Kh2 Ke4 65. Kh1 Kf4 66. Kg2 Bg1 67. Kxg1 Kg3 68. Kh1 Kxh3 69. Kg1 Kg3 70. Kh1 h3 71. Kg1 h2+ 72. Kh1 Kh3 1/2-1/2


[Site "https://www.chess.com"]

[Event "Early Titled Tuesday Blitz | February 8 2022"]
[White "Jakubowski, Krzysztof"]
[Black "Samunenkov, Ihor"]
[WhiteFideId "1112848"]
[BlackFideId "14187086"]
[WhiteElo "2365"]
[BlackElo "2406"]
[Result "0-1"]
[Round "04"]
[TimeControl "180+1"]
[Date "2022.02.08"]
[WhiteClock "0:00:06"]
[BlackClock "0:00:15"]

1. e4 c6 2. d4 d5 3. e5 c5 4. dxc5 e6 5. a3 Bxc5 6. b4 Be7 7. Qg4 g6 8. Nf3 a5 9. b5 Nd7 10. Bd3 Nc5 11. h4 h5 12. Qf4 Nh6 13. Be3 Nxd3+ 14. cxd3 Nf5 15. Nbd2 a4 16. Nd4 Nxh4 17. O-O g5 18. Qh2 Nf5 19. N2f3 Nxe3 20. fxe3 g4 21. Ne1 Bg5 22. Nec2 h4 23. g3 Qe7 24. Qe2 hxg3 25. Qxg4 Bd7 26. Rf3 Rh4 27. Qxg3 O-O-O 28. Kf2 Rxd4 29. Ke2 Rh4 30. Raf1 Rf8 31. Qe1 Rh2+ 32. Kd1 Qc5 33. R3f2 Rxf2 34. Rxf2 Qxb5 35. Qg1 0-1


[Site "https://www.chess.com"]

[Event "Early Titled Tuesday Blitz | February 8 2022"]
[White "Janaszak, Dawid"]
[Black "Redzisz, Michal"]
[WhiteFideId "1119206"]
[BlackFideId "21816107"]
[WhiteElo "2199"]
[BlackElo "1961"]
[Result "0-1"]
[Round "04"]
[TimeControl "180+1"]
[Date "2022.02.08"]
[WhiteClock "0:00:23"]
[BlackClock "0:01:06"]

1. e4 c5 2. Nc3 Nc6 3. Bb5 g6 4. Bxc6 dxc6 5. d3 Bg7 6. Be3 b6 7. Qd2 h5 8. f4 h4 9. O-O-O h3 10. Nxh3 Bxh3 11. gxh3 Rxh3 12. Kb1 Bxc3 13. bxc3 Qd7 14. f5 O-O-O 15. fxg6 fxg6 16. Bf4 Nf6 17. Rhg1 c4 18. dxc4 Qxd2 19. Rxd2 Rxd2 20. Bxd2 Nxe4 21. Be1 Rxh2 22. Kb2 g5 23. Rg4 Re2 24. Bg3 Nxg3 25. Rxg3 Re5 26. Kc1 Kd7 27. Kd2 Ke6 28. Rf3 Rf5 29. Re3+ Kd6 30. Rd3+ Kc5 31. Rd7 Rf7 32. Rxa7 g4 33. Ra8 Rg7 34. Rh8 g3 35. Rh1 g2 36. Rg1 Kxc4 37. a4 e6 38. Ke3 Kxc3 39. Kf2 Kxc2 40. a5 bxa5 41. Ra1 g1=Q+ 0-1


[Site "https://www.chess.com"]

[Event "Early Titled Tuesday Blitz | February 8 2022"]
[White "Jaracz, Pawel"]
[Black "Indjic, Aleksandar"]
[WhiteFideId "1102222"]
[BlackFideId "911925"]
[WhiteElo "2429"]
[BlackElo "2616"]
[Result "1-0"]
[Round "04"]
[TimeControl "180+1"]
[Date "2022.02.08"]
[WhiteClock "0:00:10"]
[BlackClock "0:00:01"]

1. e4 e5 2. Nf3 Nc6 3. Bc4 Nf6 4. d3 h6 5. O-O d6 6. Nc3 g5 7. Nd5 Bg7 8. c3 Nxd5 9. Bxd5 Ne7 10. Bb3 Ng6 11. d4 g4 12. Ne1 h5 13. f4 exf4 14. Bxf4 Be6 15. Nd3 Qe7 16. Qd2 O-O-O 17. Rae1 Kb8 18. Bg5 f6 19. Nf4 Nxf4 20. Bxf4 Rde8 21. Re2 Qd7 22. Qd3 Re7 23. Bg3 Rhe8 24. Bh4 Bxb3 25. axb3 Qe6 26. c4 Qf7 27. Rf5 Qg6 28. Re1 a6 29. b4 Ka7 30. c5 Rxe4 31. Ref1 dxc5 32. bxc5 c6 33. d5 cxd5 34. Qxd5 R4e5 35. Qd3 Rxf5 36. Rxf5 Bf8 37. b4 Qh6 38. Rxf6 Qc1+ 39. Rf1 Qb2 40. Bf2 Ka8 41. c6 Qxb4 42. Qd7 Rb8 43. c7 Bc5 44. cxb8=Q+ Kxb8 45. Qd8+ Ka7 46. Qf6 Bxf2+ 47. Qxf2+ Ka8 48. Re1 b5 49. Re8+ Kb7 50. Qf7+ Kb6 51. Qf2+ Ka5 52. Qa2+ Qa4 53. Qd2+ Qb4 54. Qd8+ Ka4 55. Rf8 Qc5+ 56. Kf1 b4 57. Qd7+ Ka3 58. Qd2 1-0


[Site "https://www.chess.com"]

[Event "Early Titled Tuesday Blitz | February 8 2022"]
[White "Jaskolka, Tomasz"]
[Black "Martin Duque, Jesus"]
[WhiteFideId "1170791"]
[BlackFideId "2208954"]
[WhiteElo "2054"]
[BlackElo "2243"]
[Result "1-0"]
[Round "04"]
[TimeControl "180+1"]
[Date "2022.02.08"]
[WhiteClock "0:01:22"]
[BlackClock "0:01:50"]

1. d4 Nf6 2. Bf4 b6 3. e3 Bb7 4. Nf3 g6 5. Nbd2 Bg7 6. c3 O-O 7. Bd3 d6 8. Qe2 Nbd7 9. h4 e5 10. dxe5 dxe5 11. Nxe5 Nh5 12. Bg5 f6 13. Nxd7 Qxd7 14. Bb5 c6 15. Bc4+ Kh8 16. g4 Ng3 17. fxg3 fxg5 18. hxg5 c5 19. Rxh7+ 1-0


[Site "https://www.chess.com"]